 Dungeon Crawl Stone Soup version 0.30.0-20-g3615ddf2f0 (webtiles) character file.

Game seed: 3597539758073264672

156 qw the Chopper (level 5, -7/32 HPs)
             Began as a Gargoyle Fighter on May 29, 2023.
             Killed from afar by an orc wizard (10 damage)
             ... with a puff of flame
             ... on level 3 of the Dungeon.
             The game lasted 00:01:16 (2396 turns).

qw the Chopper (Gargoyle Fighter)                   Turns: 2396, Time: 00:01:16

Health: -7/32      AC: 14    Str: 22    XL:     5   Next: 37%
Magic:  5/5        EV:  9    Int:  8    God:
Gold:   168        SH:  4    Dex:  9    Spells: 4/4 levels left

rFire   . . .        Y - +1 war axe (heavy)
rCold   . . .        c - +0 buckler
rNeg    + . .        b - +0 scale mail
rPois   inf          (no helmet)
rElec   +            k - +0 cloak
rCorr   .            e - +0 pair of gloves
SInv    .            h - +0 pair of boots
Will    .....        (no amulet) Stlth
                     (no ring)
HPRegen 0.25/turn    (no ring)
MPRegen 0.09/turn

%: no passive effects
@: about to teleport
A: sickness immunity, AC +4, negative energy resistance 1, electricity
resistance, torment resistance 1, petrification resistance
a: no special abilities


You were on level 3 of the Dungeon.
You visited 1 branch of the dungeon, and saw 4 of its levels.

You collected 168 gold pieces.


Innate Abilities, Weirdness & Mutations

You are immune to sickness and miasma.
Your stone body is resilient. (AC +4)
You are immune to poison.
You resist negative energy. (rN+)
You are resistant to electric shocks. (rElec)
You are resistant to unholy torment.
You are immune to petrification.


   Skills:
 - Level 3.2 Fighting
 + Level 4.9 Axes
 - Level 3.2 Armour
 - Level 3.2 Shields


You had 4 spell levels left.
You didn't know any spells.
Your spell library was empty.

Inventory:

Hand Weapons
 o - a +0 mace
 Y - a +1 heavy war axe (weapon)
Armour
 b - a +0 scale mail (worn)
 c - a +0 buckler (worn)
 e - a +0 pair of gloves (worn)
 h - a +0 pair of boots (worn)
 k - a +0 cloak (worn)
Potions
 a - a potion of heal wounds {unknown}
 d - 2 potions of might
 g - a potion of lignification {unknown}
 i - a potion of mutation {unknown}
 j - a potion of degeneration {unknown}
 l - a potion of resistance {unknown}
 m - a potion of brilliance {unknown}

Dungeon Overview and Level Annotations

Branches:
Dungeon (4/15)
 Temple: D:4-7

Altars:


Message History

The phantom hits you but does no damage.
The orc hits you with a +0 short sword. You block something's attack.
The orc hits you with a +0 short sword.
You climb upwards.
Reactivating autopickup.
There is a stone staircase leading down here.
You hit the orc.
You kill the orc!
You closely miss the phantom. You slash something! You barely miss the orc.
The orc hits you but does no damage. Something hits you but does no damage.
Deactivating autopickup; reactivate with Ctrl-A.
The phantom hits you but does no damage.
The orc hits you but does no damage. Something hits you but does no damage.
The phantom hits you.
The phantom blinks!
You blink.
You completely miss the phantom.
The phantom hits you but does no damage.
You hear some strange, mumbled words.
A magic dart appears from out of thin air!
The magic dart hits you. The phantom barely misses you.
You slice the phantom!!
The phantom is almost destroyed.
You miss something.
You hear some strange, mumbled words.
A puff of flame appears from out of thin air!
The puff of flame hits you. The phantom hits you.
The phantom blinks!
You blink.
The phantom hits you but does no damage.
2395 ||| READING scroll of teleportation.
As you read the scroll of teleportation, it crumbles to dust.
You feel strangely unstable. The phantom hits you.
You miss the phantom.
The phantom is almost destroyed.
You barely miss the orc. You closely miss something.
The orc closely misses you. Something hits you but does no damage.
The phantom hits you but does no damage.
You block the orc's attack.
You hear some strange, mumbled words.
A puff of flame appears from out of thin air!
The puff of flame hits you!
You die...

#############
#######...........#
#..........######.#
#.................####
#######..............#
#...W@o..............'
#.###.{..............#
#.###.#.#>.#######....
#.....#.#)............
####....#....#####.###
#..#....#......# #.#
#....#.......#)###.#
##.#########.#.(##.###
#....................


You could see a phantom and an orc.

Vanquished Creatures
  7 adders
  A white imp (D:3)
  3 worms
  A dart slug (D:1)
  5 orcs
  5 endoplasms
  5 giant cockroaches
  5 hobgoblins
  4 jackals (D:2)
  5 kobolds
  2 quokkas (D:2)
  11 ball pythons
  5 bats
  3 frilled lizards
  5 goblins
  2 rats
69 creatures vanquished.

Notes
Turn   | Place    | Note
-------+----------+-------------------------------------------
     0 | D:1      | qw the Gargoyle Fighter began the quest for the Orb.
     0 | D:1      | Reached XP level 1. HP: 14/14 MP: 1/1
     0 | D:1      | 0 ||| qw: Version: 0.2-a-101-gf424e7f
     0 | D:1      | 0 ||| qw: Game counter: 290
     0 | D:1      | 0 ||| qw: Always use a shield: true
     0 | D:1      | 0 ||| qw: God list: Okawaru
     0 | D:1      | 0 ||| qw: Allow faded altars: false
     0 | D:1      | 0 ||| qw: Do Orc after D:15 true
     0 | D:1      | 0 ||| qw: Do second Lair branch before Depths: true
     0 | D:1      | 0 ||| qw: Lair rune preference: random
     0 | D:1      | 0 ||| qw: Plans: Normal, Zot:1-4, Slime:5, God:TSO, Crypt,
                  | Tomb, Pan, Hells, Abyss, Win
     0 | D:1      | 0 ||| PLANNING D:1-11
    64 | D:1      | Reached skill level 2 in Axes
   165 | D:1      | 165 ||| Stepping ~*~*~tactically~*~*~ (hiding).
   173 | D:1      | Reached XP level 2. HP: 19/19 MP: 2/2
   404 | D:1      | Found a faded altar of an unknown god.
   430 | D:1      | 430 ||| Stepping ~*~*~tactically~*~*~ (stealth).
   734 | D:1      | 734 ||| UPGRADING to +0 pair of gloves.
   739 | D:1      | 739 ||| DROPPING ring of wizardry.
   740 | D:1      | 740 ||| READING scroll labelled WACIQA NEANAQ.
   741 | D:1      | 741 ||| READING scroll labelled QICOOG XOGEUD.
   742 | D:1      | 742 ||| READING scroll labelled HUMEFO VUAFUTO.
   799 | D:2      | 799 ||| Stepping ~*~*~tactically~*~*~ (stealth).
   835 | D:2      | Reached skill level 3 in Axes
   835 | D:2      | Reached XP level 3. HP: 20/23 MP: 3/3
   941 | D:2      | 941 ||| Stepping ~*~*~tactically~*~*~ (stealth).
  1106 | D:2      | 1106 ||| Stepping ~*~*~tactically~*~*~ (stealth).
  1137 | D:2      | Reached XP level 4. HP: 28/28 MP: 4/4
  1141 | D:2      | 1141 ||| Stepping ~*~*~tactically~*~*~ (stealth).
  1254 | D:2      | Reached skill level 4 in Axes
  1291 | D:2      | 1291 ||| DROPPING +0 club.
  1463 | D:2      | Identified the +9 hand axe "Veups" {freeze, rPois Str+7
                  | Dex-3}
  1710 | D:2      | 1710 ||| UPGRADING to +0 pair of boots.
  1715 | D:2      | 1715 ||| READING scroll labelled FABAUQ DODEER.
  1716 | D:2      | 1716 ||| READING scroll labelled APSEEL QAWICIE.
  1720 | D:2      | 1720 ||| READING scroll labelled PEIWNINGUYWNU.
  1721 | D:2      | 1721 ||| READING scroll labelled KUSIGY PIOSEU.
  1722 | D:2      | 1722 ||| READING scroll labelled TOOSHR TASIYVVU.
  1966 | D:3      | Identified the staff of cold "Gujurphie" {*Slow rC+ Dex+6}
  1967 | D:3      | 1967 ||| Stepping ~*~*~tactically~*~*~ (stealth).
  1968 | D:3      | 1968 ||| Stepping ~*~*~tactically~*~*~ (stealth).
  1977 | D:3      | 1977 ||| Stepping ~*~*~tactically~*~*~ (stealth).
  2021 | D:3      | Reached XP level 5. HP: 32/32 MP: 5/5
  2359 | D:3      | 2359 ||| UPGRADING to +0 cloak.
  2364 | D:3      | 2364 ||| READING scroll labelled IBIEVY IF HIO.
  2379 | D:4      | 2379 ||| Stepping ~*~*~tactically~*~*~ (stealth).
  2380 | D:4      | 2380 ||| Stepping ~*~*~tactically~*~*~ (stealth).
  2381 | D:4      | 2381 ||| Stepping ~*~*~tactically~*~*~ (hiding).
  2384 | D:4      | Noticed a phantom
  2390 | D:4      | 2390 ||| STAIRDANCE
  2394 | D:3      | HP: 8/32 [something/puff of flame (6)]
  2395 | D:3      | 2395 ||| READING scroll of teleportation.
  2395 | D:3      | HP: 2/32 [phantom (3)]
  2396 | D:3      | Killed from afar by an orc wizard

Levels and vault maps discovered:
D:1:      ncdulo_watergridlock, layout_basic, ebering_ecumenical_altar_petrified
D:2:      layout_basic, minmay_pentomino_s4
D:3:      layout_basic
D:4:      layout_gridville, nicolae_kite_square_tiling_tiny, uniq_grinder,
          uniq_crazy_yiuf_cottage

Skill      XL: |  1  2  3  4 |
---------------+-------------+-----
Axes           | 2 3 4 |  4.9
Fighting       | |  3.2
Armour         | |  3.2
Shields        | |  3.2

Action                     |  1- 3 |  4- 6 || total
---------------------------+-------+-------++-------
  Melee: War axe           |   106 |   117 ||   223
    Use: Scroll            |     3 |     7 ||    10
 Armour: Scale mail        |    84 |   109 ||   193
  Dodge: Dodged            |    80 |    73 ||   153
  Block: Buckler           |    47 |    34 ||    81

Table legend:
 A = Non-vault XP
 B = Vault XP
 C = Vault XP percentage of total XP
 D = Non-vault monster count
 E = Vault monster count
 F = Vault count percentage of total count
                 A         B        C        D         E       F
            +---------+---------+-------+---------+---------+-------
      Total |     201 |      22 |   9.9 |      64 |       5 |   7.2
            +---------+---------+-------+---------+---------+-------
        D:1 |      21 |       0 |   0.0 |      11 |       0 |   0.0
        D:2 |      96 |      22 |  18.6 |      29 |       5 |  14.7
        D:3 |      56 |       0 |   0.0 |      17 |       0 |   0.0
        D:4 |      28 |       0 |   0.0 |       7 |       0 |   0.0
            +---------+---------+-------+---------+---------+-------
